Description

Fairly risky, require high multitasking level, but so effective build.

In fact, this build is somewhat transparent for high-level opponents.

If your enemy(with high mmr) send a probe as usual, then they'll find out the absence of the second pylon.

So, it is recommended to twist unit composition or pylon numbers.

Specific examples(SoS) will be shown next time.

VOD

https://youtu.be/rnEsbEV_AN8?t=616

Replay - MaNa v Trust: Game 3 - Eastwatch LE

Build Order

Get SALT Encoding   

  12  0:00  Probe  
  13  0:12  Probe  
  14  0:17  Pylon  1st
  14  0:24  Probe (Chrono Boost)  
  15  0:37  Gateway, Probe (Chrono Boost)  1st
  16  0:45  Probe (Chrono Boost)  
  16  0:46  Assimilator  1st
  17  0:51  Probe (Chrono Boost)  
  17  0:55  Assimilator  2nd
  18  1:03  Probe (Chrono Boost)  
  19  1:08  Gateway  2nd, send a probe to the place for Proxy Pylon
  19  1:11  Probe (Chrono Boost)  
  20  1:19  Probe  
  20  1:24  Cybernetics Core  
  21  1:31  Probe  
  22  1:35  Pylon  2nd, Proxy Pylon
  23  2:00  Stargate  Right after completion of the Proxy Pylon
  24  2:05  Adept x2  1st, 2nd
  28  2:10  Warp Gate  
  28  2:17  Pylon  3rd
  28  2:36  Adept x2  3rd, 4th
  32  2:48  Oracle (Chrono Boost)  Essential part
  35  2:57  Pylon  4th
  34  3:17  Oracle (Chrono Boost)  Recommended option
  37  3:31  Nexus  expand
  33  3:40  Stalker x2  1st, 2nd
  37  3:54  Pylon  5th
  37  4:01  Robotics Facility  If enemy constructs Stargate, choose other options(Twilight Council or two Stargate)
  37  4:17  Oracle (Chrono Boost)  Optional part
Spawning Tool Build Advisor. Get it on Overwolf

Analysis

[Original text(KR)]

Go to:

Details

  • Created by: heynocola
  • Published on: Apr 25, 2018
  • Modified on: Apr 25, 2018
  • Patch: 4.0.0
Show
View Real Time Build Order
Export as new Build Order

Comments (0)

There are no comments. Be the first!

Create an account to comment!